 Dungeon Crawl Stone Soup version 0.18-a0-116-g2d311b1 (webtiles) character file.

7131 Proton the Cleaver (level 10, 0/72 HPs)
             Began as a Deep Dwarf Fighter on Nov 17, 2015.
             Was a Priest of Ru.
             Slain by Urug
             ... wielding a +2 long sword of electrocution
              (8 damage)
             ... on level 10 of the Dungeon.
             The game lasted 00:26:39 (8097 turns).

Proton the Cleaver (Deep Dwarf Fighter)             Turns: 8097, Time: 00:26:39

Health: 0/72       AC: 20    Str: 23    XL:     10   Next: 85%
Magic:  10/10      EV:  7    Int: 12    God:    Ru [***...]
Gold:   603        SH:  0    Dex: 12    Spells: 0 memorised, 9 levels left

rFire  + . .     SeeInvis .     g - +3 hand axe (flame)
rCold  . . .     Clarity  .     M - +0 plate armour
rNeg   . . .     SustAt   .     (no shield)
rPois  .         Gourm    +     O - +1 helmet
rElec  .         Spirit   .     E - +0 cloak
rCorr  .         Warding  .     (no gloves)
rMut   .         Stasis   .     l - +0 pair of boots
MR     +....                    p - amulet of the gourmand
Stlth  ..........               Q - +3 ring of intelligence
                                D - ring of protection from fire

@: non-regenerating, drained, somewhat resistant to hostile enchantments,
extremely unstealthy
A: damage resistance, recharge devices, frail 1, sense surroundings 2, slow
regeneration 3, spit poison 1, inability to use devices
a: Device Recharging, Spit Poison, Draw Out Power, Renounce Religion


You were on level 10 of the Dungeon.
You worshipped Ru.
Ru was most pleased with you.
You were not hungry.

You visited 3 branches of the dungeon, and saw 12 of its levels.
You also visited: Sewer.

You collected 603 gold pieces.

Inventory:

Hand Weapons
 g - a +3 hand axe of flaming (weapon)
 C - a +0 blowgun
Missiles
 r - 64 poisoned needles
 t - 8 needles of paralysis
 y - 8 javelins of penetration (quivered)
 K - 4 curare-tipped needles
 L - 2 needles of confusion
Armour
 l - a +0 pair of boots (worn)
 E - a +0 cloak (worn)
 M - a +0 plate armour (worn)
 O - a +1 helmet (worn)
Jewellery
 p - an amulet of the gourmand (around neck)
 v - an uncursed ring of ice
 D - a ring of protection from fire (left hand)
 Q - a +3 ring of intelligence (right hand)
Scrolls
 e - 2 scrolls of remove curse
 h - 4 scrolls of blinking
 m - 2 scrolls of amnesia
 w - 6 scrolls of teleportation
 B - 3 scrolls of fear
 F - 3 scrolls of enchant weapon
 J - 2 scrolls of holy word
Potions
 b - a potion of berserk rage
 c - 4 potions of curing {unknown}
 d - 3 potions of might
 i - 2 potions of agility
 j - 4 potions of heal wounds
 k - a potion of brilliance
 n - a potion of cancellation
 q - a potion of ambrosia
 s - 3 potions of haste
 z - a potion of cure mutation
 A - a potion of magic
Comestibles
 a - 4 slices of pizza
 f - 3 bread rations
 u - 4 meat rations
 x - 11 fruits


   Skills:
 - Level 2.6(2.3) Fighting
 * Level 14.5(14.0) Axes
 + Level 10.8(10.4) Armour
   Level 3.2(2.9) Shields


You had 9 spell levels left.
You didn't know any spells.

Dungeon Overview and Level Annotations

Branches:
Dungeon (10/15)            Temple (1/1) D:7            Lair (1/8) D:9
    Orc (0/4) D:9

Altars:
Ashenzari
Cheibriados
Dithmenos
Elyvilon
Fedhas
Gozag
Kikubaaqudgha
Makhleb
Nemelex Xobeh
Okawaru
Qazlal
Ru
Sif Muna
Trog
Vehumet
Xom
Yredelemnul
Zin
The Shining One

Annotations:
D:10 Urug


Innate Abilities, Weirdness & Mutations

You are resistant to damage.
You can recharge devices by infusing magical energy.
You passively map the area around you.
You do not regenerate naturally.
You cannot study or use magical devices.
You are frail (-10% HP).
You can spit weak poison.


Message History

Urug is severely wounded.
You hit Urug. You burn Urug.
Urug is severely wounded.
Urug hits you but does no damage.
You hit Urug. You burn Urug.
Urug is severely wounded.
You closely miss Urug.
Urug is severely wounded.
You slash Urug! You burn Urug.
Urug is almost dead.
Urug hits you but does no damage.
You closely miss Urug.
Urug is almost dead.
You hit Urug but do no damage.
Urug is almost dead.
You feel less exhausted.
Urug hits you with a long sword of electrocution!
* * * LOW HITPOINT WARNING * * *
You are electrocuted!
You die...

.............# *,
####.........#* ..#**
*,,, #......... , ,..# ,
,#.......#* **..# ,
#.......# ..# * ,
#.......# ..# *
####.......# ..# ,
...........######o.# , *
..............(.@..## *
,
...#######...(..........
...# #######........ ,*
...# #........ ...#
#........ .[.# #......##
* ...# #.%###.# ####
#### *##


You could see Urug.

Vanquished Creatures
  A hydra (D:8)
  A two-headed ogre (D:8)
  A hungry ghost (D:10)
  A deep elf fighter (D:9)
  Eustachio (D:4)
  A warg (D:9)
  A basilisk (Lair:1)
  9 yaks
  Menkaure (D:5)
  2 phantoms
  2 sky beasts
  A necrophage (D:10)
  An ice beast (D:9)
  A porcupine (Lair:1)
  3 orc warriors
  3 ogres
  4 centaurs
  4 crocodiles
  4 big kobolds
  2 giant frogs
  A gnoll sergeant (D:9)
  A wyvern skeleton (D:7)
  3 scorpions
  12 crimson imps
  2 giant frog zombies (D:5)
  6 orc priests
  4 jellies
  8 orc wizards
  An iguana (D:10)
  3 hounds
  10 worker ants
  2 sheep (D:8)
  2 hound skeletons
  6 gnolls
  10 adders
  5 river rats
  3 shadow imps
  3 white imps (D:8)
  An adder zombie (D:9)
  An ooze (D:1)
  3 worms
  2 adder skeletons
  4 giant geckos
  30 orcs
  5 ball pythons
  11 bats
  5 hobgoblins
  16 kobolds
  9 giant cockroaches
  14 giant newts
  8 goblins
  10 jackals
  27 rats
  2 fungi
274 creatures vanquished.

Vanquished Creatures (others)
  10 fungi (D:9)
  2 plants (D:9)
12 creatures vanquished.

Grand Total: 286 creatures vanquished

Notes
Turn   | Place    | Note
--------------------------------------------------------------
     0 | D:1      | Proton the Deep Dwarf Fighter began the quest for the Orb.
     0 | D:1      | Reached XP level 1. HP: 20/20 MP: 1/1
    96 | D:1      | Reached XP level 2. HP: 24/27 MP: 2/2
   399 | D:1      | Reached XP level 3. HP: 25/33 MP: 3/3
   869 | D:2      | Reached skill level 4 in Axes
  1118 | D:3      | Reached XP level 4. HP: 18/40 MP: 4/4
  1276 | D:3      | Reached skill level 5 in Axes
  1276 | D:3      | Reached XP level 5. HP: 32/46 MP: 5/5
  1289 | D:3      | Found a glowing silver altar of Zin.
  1292 | D:3      | Found a shimmering altar of Xom.
  1295 | D:3      | Found a glowing golden altar of the Shining One.
  1864 | D:4      | Reached skill level 5 in Armour
  1878 | D:4      | Reached XP level 6. HP: 9/55 MP: 6/6
  1951 | D:4      | Noticed Eustachio
  2043 | D:4      | Killed Eustachio
  2043 | D:4      | Reached skill level 6 in Axes
  2103 | D:4      | Reached XP level 7. HP: 16/61 MP: 7/7
  2339 | D:4      | Reached skill level 7 in Axes
  2574 | D:5      | Entered Level 5 of the Dungeon
  2707 | D:5      | Gained mutation: Your spells are a little easier to cast, but a little less powerful. [mutagenic meat]
  2708 | D:5      | Gained mutation: You have a pair of small horns on your head. [mutagenic meat]
  2709 | D:5      | Gained mutation: Your spells are easier to cast, but less powerful. [mutagenic meat]
  2861 | D:5      | Reached skill level 8 in Axes
  3042 | D:5      | Reached XP level 8. HP: 37/68 MP: 8/8
  3123 | D:5      | Found an iron altar of Okawaru.
  3136 | D:5      | Got an ichor-stained leather armour
  3154 | D:5      | Identified the +1 leather armour "Kuidiwni" {rPois Dex+3} (You found it on level 5 of the Dungeon)
  3277 | D:5      | Noticed Menkaure
  3291 | D:5      | Killed Menkaure
  3291 | D:5      | Reached skill level 9 in Axes
  3851 | D:6      | Found a glowing drain.
  3862 | Sewer    | Entered a sewer
  4775 | D:7      | Reached skill level 10 in Axes
  5101 | D:7      | Found a staircase to the Ecumenical Temple.
  5113 | Temple   | Entered the Ecumenical Temple
  5264 | Temple   | Became a worshipper of Ru the Awakened
  5443 | D:7      | Gained mutation: You passively map the area around you. [Deep Dwarf growth]
  5443 | D:7      | Reached XP level 9. HP: 31/74 MP: 9/9
  5766 | D:8      | Noticed a three-headed hydra
  5811 | D:9      | Found a shattered altar of Ashenzari.
  5945 | D:9      | Reached skill level 11 in Axes
  6094 | D:9      | Found a staircase to the Orcish Mines.
  6263 | D:9      | Found a staircase to the Lair.
  6273 | D:9      | Gained mutation: You cannot study or use magical devices. [Ru sacrifice]
  6273 | D:9      | Reached * piety under Ru
  6273 | D:9      | Reached ** piety under Ru
  6273 | D:9      | Reached *** piety under Ru
  6319 | D:9      | Reached skill level 12 in Axes
  6358 | D:9      | Reached XP level 10. HP: 70/81 MP: 10/10
  6745 | Lair:1   | Entered Level 1 of the Lair of Beasts
  6755 | Lair:1   | Reached skill level 13 in Axes
  6833 | Lair:1   | Noticed a six-headed hydra
  6849 | D:9      | Lost mutation: Your spells are easier to cast, but less powerful. [potion of cure mutation]
  6849 | D:9      | Lost mutation: Your spells are a little easier to cast, but a little less powerful. [potion of cure mutation]
  6849 | D:9      | Lost mutation: You have a pair of small horns on your head. [potion of cure mutation]
  6894 | D:10     | Entered Level 10 of the Dungeon
  7009 | D:8      | Reached skill level 10 in Armour
  7046 | D:8      | Killed a one-headed hydra
  7155 | D:8      | Reached skill level 14 in Axes
  7411 | D:8      | Gained mutation: You can spit weak poison. [potion of mutation]
  7411 | D:8      | Gained mutation: You are frail (-10% HP). [potion of mutation]
  8075 | D:10     | Noticed Urug
  8097 | D:10     | Slain by Urug

Vault maps used:
D:1:      lightli_arrival_quake
D:2:      serial_corexii_hall, corexii_hall_statues_i, corexii_hall_statues_t
D:3:      grunt_temple_overflow_diamond, serial_curves, eino_curves_02,
          eino_curves_01, eino_curves_03, eino_curves_04
D:4:      uniq_eustachio
D:5:      first_bread, okawaru_ov_weapons_minmay, uniq_menkaure
D:6:      portal_sewer_entry_e, eino_tiny_chamber, kennysheep_generic_room_6
D:7:      temple_green
D:8:      hangedman_ranch, minmay_nine_imps
D:9:      grunt_lair_entry_elf_guard_hut, david_orc_3, evilmike_ruin_ashenzari
D:10:     uniq_urug
Temple:   nicolae_temple_elliptical
Lair:1:   st_stairs_8, beast_lair_carwin_7
Sewer:    sewer_co_cracked_pipes

Action                   |  1- 3 |  4- 6 |  7- 9 | 10-12 || total
-------------------------+-------+-------+-------+-------++-------
Melee: War axe           |   151 |   162 |   439 |   117 ||   869
       Hand axe          |       |       |       |   142 ||   142
Throw: Javelin           |       |       |       |     1 ||     1
Invok: Draw Out Power    |       |       |     1 |     8 ||     9
       Sacrifice Artific |       |       |     1 |       ||     1
       Reject Sacrifices |       |       |       |     1 ||     1
Evoke: Wand              |       |     4 |    14 |       ||    18
  Use: Scroll            |     4 |     7 |     8 |     9 ||    28
       Potion            |       |       |       |     4 ||     4
  Eat: Beef jerky        |     1 |       |     1 |       ||     2
       Pizza             |       |     1 |     1 |     2 ||     4
       Chunk             |       |       |     3 |       ||     3
       Meat ration       |       |       |     3 |     1 ||     4
       Bread ration      |       |       |       |     1 ||     1
       Fruit             |       |       |       |     1 ||     1
